 Dungeon Crawl Stone Soup version 0.19-a0-1021-g80cc50c (webtiles) character file.

49 ololoev the Chopper (level 3, 0/31 HPs)
             Began as a Hill Orc Fighter on July 27, 2016.
             Succumbed to an adder's poison
             ... on level 5 of the Dungeon.
             The game lasted 00:02:39 (640 turns).

ololoev the Chopper (Hill Orc Fighter)               Turns: 640, Time: 00:02:39

Health: 0/31       AC:  7    Str: 19    XL:     3   Next: 77%
Magic:  3/3        EV:  9    Int:  8    God:
Gold:   53         SH:  0    Dex: 10    Spells: 0 memorised, 2 levels left

rFire  . . .     SeeInvis .     a - +0 war axe
rCold  . . .     Gourm    +     b - +0 scale mail
rNeg   . . .     Faith    .     (no shield)
rPois  .         Spirit   .     (no helmet)
rElec  .         Dismiss  .     (no cloak)
rCorr  .         Reflect  .     (no gloves)
SustAt .         Harm     .     (no boots)
MR     .....                    g - amulet of the gourmand
Stlth  ..........               (no ring)
                                (no ring)

@: lethally poisoned (0 -> -6), not resistant to hostile enchantments, extremely
unstealthy
A: no striking features
a: no special abilities

Inventory:

Hand Weapons
 a - a +0 war axe (weapon)
Armour
 b - a +0 scale mail (worn)
Jewellery
 g - an amulet of the gourmand (around neck)
Scrolls
 c - a scroll of remove curse {unknown}
 e - 4 scrolls of identify {unknown}
 h - a scroll of fog {unknown}
 i - a scroll of fear {unknown}
 j - a scroll of enchant weapon {unknown}
 k - a scroll of recharging {unknown}
Potions
 d - a potion of might
Comestibles
 f - 2 bread rations


   Skills:
 - Level 3.6 Fighting
 * Level 4.4 Axes
 + Level 4.1 Armour
   Level 3.2 Shields


You had 2 spell levels left.
You didn't know any spells.


You were on level 5 of the Dungeon.
You were not hungry.

You visited 1 branch of the dungeon, and saw 4 of its levels.

You collected 53 gold pieces.

... #.##.....## ..
...####.#.......#...
........#.......#..
............_......
..##...#.......#
#....#.......#
#....##.....## .
#....####S####....
#.........@.....#
#....####.......#
#....# #.......#
#....# #.#+#.###
#....# #.. .# .....#
### # .#.####

Notes
Turn   | Place    | Note
-------+----------+-------------------------------------------
     0 | D:1      | ololoev the Hill Orc Fighter began the quest for the Orb.
     0 | D:1      | Reached XP level 1. HP: 19/19 MP: 1/1
    55 | D:1      | Noticed an ogre
    55 | D:1      | Noticed an ogre
    55 | D:1      | Noticed an ogre
    58 | D:1      | Noticed an ogre
   123 | D:2      | Reached XP level 2. HP: 6/26 MP: 2/2
   428 | D:2      | Reached XP level 3. HP: 29/31 MP: 3/3
   466 | D:3      | Found a hazy altar of Hepliaklqana.
   621 | D:3      | You fall through a shaft for 2 floors!
   621 | D:5      | Entered Level 5 of the Dungeon
   624 | D:5      | Found a basalt altar of Yredelemnul.
   638 | D:5      | HP: 1/31 [adder (4)]
   640 | D:5      | Succumbed to an adder's poison

Dungeon Overview and Level Annotations

Branches:
Dungeon (3/15)

Altars:
Hepliaklqana
Yredelemnul


Message History

You slash the adder!
You kill the adder!
You see here an adder corpse.
Found 18 gold pieces.
Found a stone staircase leading up.
Found a scroll labeled PAVITAFINE.
You now have 43 gold pieces (gained 8).
A rat comes into view.
You found a shaft!
You see here 10 gold pieces.
You now have 53 gold pieces (gained 10).
The rat closely misses you.
There is a stone staircase leading up here.
You hit the rat but do no damage. The rat bites you but does no damage.
You hit the rat.
You kill the rat!
k - a scroll labeled PAVITAFINE You see here a rat corpse.
You see here a rat corpse.
There is a stone staircase leading up here.
You climb upwards.
There is a stone staircase leading down here.
You climb downwards.
A kobold comes into view. It is wielding a dagger.
The kobold shouts!
There is a stone staircase leading up here.
There is a shaft here.
There is a shaft here.
The kobold hits you but does no damage.
You are too injured to fight recklessly!
You are too injured to fight recklessly!
You are too injured to fight recklessly!
You are too injured to fight recklessly!
You hit the kobold.
The kobold is severely wounded.
The kobold hits you with a dagger. The kobold hits you but does no damage.
You barely miss the kobold.
The kobold is heavily wounded.
The kobold hits you but does no damage.
You closely miss the kobold.
The kobold is heavily wounded.
The kobold hits you with a dagger.
You barely miss the kobold.
The kobold is heavily wounded.
The kobold hits you but does no damage. x2
You barely miss the kobold.
The kobold is heavily wounded.
The kobold closely misses you.
You hit the kobold.
You kill the kobold!
You see here a dagger.
There is a shaft here.
You fall through a shaft for 2 floors!
The shaft crumbles and collapses.
An adder comes into view.
Found a basalt altar of Yredelemnul.
You miss the adder. The adder barely misses you. The adder bites you.
You barely miss the adder. The adder bites you.
You miss the adder. The adder barely misses you.
The adder bites you but does no damage.
You barely miss the adder. The adder bites you.
The adder bites you but does no damage.
You miss the adder. The adder bites you.
You are poisoned.
The adder poisons you!
You closely miss the adder.
You feel sick. The adder barely misses you. x2
You hit the adder.
The adder is heavily wounded.
The adder bites you but does no damage.
You barely miss the adder.
The adder is heavily wounded.
The adder barely misses you. The adder bites you.
You are more poisoned.
The adder poisons you!
You closely miss the adder.
The adder is heavily wounded.
You feel sick. The adder barely misses you. The adder misses you.
Your scale mail prevents you from hitting the adder.
The adder is heavily wounded.
You die...

You could see an adder.

Vanquished Creatures
  2 adders
  2 dart slugs (D:1)
  2 orcs (D:3)
  2 bats (D:2)
  2 giant cockroaches
  A goblin (D:3)
  A hobgoblin (D:2)
  3 jackals (D:3)
  A quokka (D:3)
  A ball python (D:2)
  2 giant newts
  4 kobolds
  3 rats
26 creatures vanquished.

Action                   || total
-------------------------++-------
Melee: War axe           ||    98
Armor: Scale mail        ||    67
Dodge: Dodged            ||    54

Vault maps used:
D:1:      erik_arrival_cave_to_civilisation
D:2:      nicolae_dithmenos_shadow_blocks, first_bread, minmay_misc_feat_alley,
          kennysheep_nondescript, minmay_misc_feat_nine_boxes
D:3:      old_standard_altar
D:5:      old_standard_altar, serial_undead, serial_undead_a, serial_undead_c,
          serial_undead_f, serial_undead_d, uniq_crazy_yiuf_cottage
